 Dungeon Crawl Stone Soup version 0.25-a0-110-ge29c8f2 (webtiles) character file.

Game seed: 805226561220201583, levelgen mode: deterministic

403 HungryMoth the Digger (level 6, 0/48 HPs)
             Began as a Gargoyle Earth Elementalist on Nov 20, 2019.
             Slain by a killer bee (4 damage)
             ... on level 3 of the Dungeon.
             The game lasted 00:16:57 (2696 turns).

HungryMoth the Digger (Gargoyle Earth Elementalist) Turns: 2696, Time: 00:17:01

Health: 0/48       AC: 23    Str: 12    XL:     6   Next: 86%
Magic:  2/13       EV:  2    Int: 16    God:
Gold:   82         SH:  0    Dex: 11    Spells: 5/15 levels left

rFire    . . .     SeeInvis .   a - +0 short sword
rCold    . . .     Gourm    .   (no shield)
rNeg     + + +     Faith    .   (armour currently unavailable)
rPois    ∞         Spirit   .   (helmet currently unavailable)
rElec    .         Reflect  .   (cloak currently unavailable)
rCorr    .         Harm     .   (gloves currently unavailable)
MR       +....     NoTele   +   (boots currently unavailable)
Stlth    ++........             (no amulet)
HPRegen  0.16/turn              q - ring of protection from magic
MPRegen  0.13/turn              (no ring)

@: tree-form
A: negative energy resistance 1, petrification resistance, rot immunity, AC +4
a: no special abilities


You were on level 3 of the Dungeon.
You were not hungry.
You were a tree.
You visited 1 branch of the dungeon, and saw 4 of its levels.

You collected 82 gold pieces.

Inventory:

Hand Weapons
 a - a +0 short sword (weapon)
Missiles
 b - 29 stones (quivered)
Armour
 c - a +0 robe (melded)
Jewellery
 q - a ring of protection from magic (left branch)
Scrolls
 f - a scroll of amnesia
 i - a scroll of identify
 n - a scroll of blinking {unknown}
 r - a scroll of enchant weapon {unknown}
Potions
 e - a potion of degeneration {unknown}
 g - a potion of heal wounds {unknown}
 j - a potion of curing
 l - a potion of magic {unknown}
 p - a potion of cancellation {unknown}
Comestibles
 d - 6 rations
 o - 4 chunks of flesh


   Skills:
 - Level 1.5 Dodging
 - Level 2.1 Stealth
 - Level 5.0 Spellcasting
 - Level 0.7 Transmutations
 + Level 6.6 Earth Magic


You had 5 spell levels left.
You knew the following spells:

 Your Spells              Type           Power        Failure   Level  Hunger
a - Sandblast             Erth           ####..       1%          1    None
b - Passwall              Tmut/Erth      ###.....     4%          2    #......
c - Stone Arrow           Conj/Erth      ##....       12%         3    ###....
d - Petrify               Tmut/Erth      ###.....     32%         4    ####...

Your spell library contained the following spells:

 Spells                   Type           Power        Failure   Level  Hunger
 Lee's Rapid Deconstruct  Erth           ####......   28%         5    ######.


Dungeon Overview and Level Annotations

Branches:
Dungeon (4/15)             Temple (0/1) D:4

Altars:
Zin

Annotations:
D:3 1 runed translucent door, Grinder
D:4 Pikel


Innate Abilities, Weirdness & Mutations

You are resistant to torment.
((Your stone body is resilient. (AC +4)))
You are immune to poison.
You resist negative energy. (rN+)
((You are resistant to electric shocks. (rElec)))
((You can survive without breathing.))
You are immune to petrification.
You are immune to rotting.


Message History

Aiming: Sandblast (safe; 1% risk of failure)
Press: ? - help, Shift-Dir - straight line, f/p - killer bee
Aim: a killer bee (severely wounded)
The blast of sand hits the killer bee.
The killer bee is almost dead.
b - 30 stones The killer bee stings you but does no damage. x2
Casting: Sandblast (safe; 1% risk of failure)
Confirm with . or Enter, or press ? or * to list all spells.
Aiming: Sandblast (safe; 1% risk of failure)
Press: ? - help, Shift-Dir - straight line, f/p - killer bee
Aim: a killer bee (almost dead)
The blast of sand misses the killer bee.
The blast of sand hits the killer bee!
You kill the killer bee!
b - 29 stones The killer bee stings you.
* * * LOW HITPOINT WARNING * * *
The killer bee stings you.
You die...

......)..........##(#.###....#
###......).[.....##.#.# ##<..#
#.#.##.##..###.##.#.# #..##
#.#.##.##..###.##.#.####..#
#.#.##.##.................#
#.#.................#####.#
#.........>.†...### #.#
........####y##.# #.# #.#..#
#♣##.# #.# . #.##.# ####.#####
#.##.####.........
..##.........#####
..######..###..### #
...............# ####
########.####.## #...
##...###.#####.##
#..)....÷......##


You could see a killer bee.

Vanquished Creatures
  A howler monkey (D:4)
  3 killer bees (D:3)
  An orc priest (D:4)
  2 orc wizards (D:4)
  6 adders
  An ooze (D:2)
  3 worms
  A dart slug (D:1)
  4 leopard geckos
  An orc (D:3)
  5 goblins
  11 hobgoblins
  9 jackals
  3 quokkas (D:2)
  2 ball pythons (D:1)
  9 bats
  4 frilled lizards
  10 kobolds
  A leopard gecko skeleton (D:4)
  12 rats
89 creatures vanquished.

Notes
Turn   | Place    | Note
-------+----------+-------------------------------------------
     0 | D:1      | HungryMoth the Gargoyle Earth Elementalist began the quest
                  | for the Orb.
     0 | D:1      | Reached XP level 1. HP: 10/10 MP: 3/3
   211 | D:1      | Reached XP level 2. HP: 15/15 MP: 2/5
   299 | D:1      | Learned a level 2 spell: Passwall
   494 | D:1      | Reached XP level 3. HP: 15/19 MP: 3/7
  1076 | D:2      | Learned a level 3 spell: Stone Arrow
  1168 | D:2      | Found a glowing silver altar of Zin.
  1227 | D:2      | Reached XP level 4. HP: 24/24 MP: 7/10
  1233 | D:2      | Learned a level 4 spell: Petrify
  1864 | D:2      | Reached XP level 5. HP: 25/28 MP: 3/12
  2393 | D:3      | Found a runed translucent door.
  2393 | D:3      | Noticed Grinder
  2499 | D:3      | Reached skill level 5 in Spellcasting
  2550 | D:3      | You fall into a shaft and drop 1 floor!
  2550 | D:4      | Noticed a slave
  2554 | D:4      | Noticed a slave
  2556 | D:4      | Reached skill level 4 in Earth Magic
  2557 | D:4      | Noticed a slave
  2557 | D:4      | Noticed Pikel
  2566 | D:4      | Reached skill level 5 in Earth Magic
  2566 | D:4      | Reached XP level 6. HP: 23/32 MP: 1/13
  2692 | D:3      | Reached skill level 6 in Earth Magic
  2696 | D:3      | Slain by a killer bee

Levels and vault maps discovered:
D:1:      lightli_arrival_quake, layout_basic, hangedman_abyss_or_decor_stabs
D:2:      wander_river, layout_loops_corners, lemuel_round_altar, first_ration
D:3:      layout_loops_ring, nrook_mini_backslash, uniq_crazy_yiuf_cottage,
          uniq_grinder
D:4:      layout_cave_pods, minmay_temple_entry_trees, uniq_sigmund, uniq_pikel

Skill      XL: |  1  2  3  4  5  6 |
---------------+-------------------+-----
Spellcasting   | 3 4 5 |  5.0
Earth Magic    | 5 6 |  6.6
Dodging        | |  1.5
Stealth        | |  2.1
Transmutations | |  0.7

Action                   |  1- 3 |  4- 6 || total
-------------------------+-------+-------++-------
Melee: Short sword       |    83 |    61 ||   144
 Cast: Sandblast         |    34 |    66 ||   100
       Stone Arrow       |     2 |     9 ||    11
  Use: Scroll            |       |     4 ||     4
       Potion            |       |     2 ||     2
 Stab: Sleeping          |     2 |       ||     2
  Eat: Chunk             |     1 |     6 ||     7
Armor: Robe              |    35 |    24 ||    59
       Skin              |       |    35 ||    35
Dodge: Dodged            |    80 |    46 ||   126

Table legend:
 A = Non-vault XP
 B = Vault XP
 C = Vault XP percentage of total XP
 D = Non-vault monster count
 E = Vault monster count
 F = Vault count percentage of total count
                 A         B        C        D         E       F
            +---------+---------+-------+---------+---------+-------
      Total |     577 |       0 |   0.0 |      89 |       0 |   0.0
            +---------+---------+-------+---------+---------+-------
        D:1 |      58 |       0 |   0.0 |      34 |       0 |   0.0
        D:2 |     117 |       0 |   0.0 |      31 |       0 |   0.0
        D:3 |     226 |       0 |   0.0 |      18 |       0 |   0.0
        D:4 |     176 |       0 |   0.0 |       6 |       0 |   0.0
            +---------+---------+-------+---------+---------+-------
